 Dungeon Crawl Stone Soup version 0.18.1-50-g88ac8fd (console) character file.

78441 CALLOUS the Spry (level 16, -9/104 HPs)
             Began as a Kobold Skald on Aug 26, 2017.
             Was the Champion of Pakellas.
             Shot with an arrow by a deep elf archer (31 damage)
             ... on level 1 of the Elven Halls on Sept 7, 2017.
             The game lasted 21:02:08 (40681 turns).

CALLOUS the Spry (Kobold Skald)                    Turns: 40681, Time: 21:02:09

Health: -9/104     AC: 10    Str: 18    XL:     16   Next: 8%
Magic:  16/24      EV: 35    Int:  8    God:    Pakellas [******]
Gold:   612        SH:  0    Dex: 17    Spells: 4 memorised, 12 levels left

rFire  + . .     SeeInvis .     c - +5 blowgun
rCold  + . .     Gourm    .     v - +2 robe {rF+}
rNeg   . . .     Faith    .     (shield restricted)
rPois  .         Spirit   .     i - +0 helmet
rElec  +         Dismiss  +     r - +2 cloak of Starlight {rElec rC+ EV+4 Stlth--}
rCorr  .         Reflect  .     K - +0 pair of gloves
SustAt .         Harm     .     P - +0 pair of boots
MR     +++..     Rnd*Rage +     N - amulet of dismissal
Stlth  ++........               S - +5 ring of slaying
                                L - ring of protection from magic

@: very slightly contaminated, hasted, drained, very quick, extremely resistant
to hostile enchantments, unstealthy
A: agile 1, berserk 1, carnivore 3, dopey 1, magic resistance 1
a: Quick Charge, Device Surge, Supercharge, Renounce Religion


You were on level 1 of the Elven Halls.
You worshipped Pakellas.
Pakellas was exalted by your worship.
You were very full.

You visited 4 branches of the dungeon, and saw 19 of its levels.
You also visited: Labyrinth and Sewer.

You collected 1774 gold pieces.
You spent 1162 gold pieces at shops.

Inventory:

Hand Weapons
 a - a +2 dagger of speed
 b - the +5 trident "Kuyrav" {elec, SInv}
   (You found it on level 9 of the Dungeon)

   Occasionally, upon striking a foe, it will discharge some electrical energy
   and cause terrible harm.
   It lets you see invisible.
 c - a +5 blowgun (weapon)
 o - a +2 short sword of venom
 s - a +2 dagger of holy wrath
 w - a +1 dagger of protection
 z - a +2 dagger of electrocution
 X - a +4 hunting sling
Missiles
 d - 462 stones
 j - 34 sling bullets
 m - 47 poisoned needles
 I - 7 throwing nets
 O - 5 curare-tipped needles (quivered)
Armour
 i - a +0 helmet (worn)
 r - the +2 cloak of Starlight (worn) {rElec rC+ EV+4 Stlth--}
   (You found it on level 9 of the Dungeon)

   It affects your evasion (+4).
   It protects you from cold.
   It insulates you from electricity.
   It makes you much less stealthy.
 v - a +2 robe of fire resistance (worn)
 K - a +0 pair of gloves (worn)
 P - a +0 pair of boots (worn)
Rods
 n - a +8 rod of shadows (4/12)
   (Pakellas gifted it to you on level 13 of the Dungeon)
Jewellery
 H - the ring "Ciriynil" {rElec rF+ rC+}
   (You found it on level 15 of the Dungeon)

   [ring of protection from cold]

   It protects you from fire.
   It protects you from cold.
   It insulates you from electricity.
 J - an uncursed amulet of rage
 L - a ring of protection from magic (left hand)
 M - an uncursed ring of stealth
 N - an amulet of dismissal (around neck)
 Q - the ring "Jirchoij" {rPois Str+4}
   (You found it on level 15 of the Dungeon)

   [ring of poison resistance]

   It affects your strength (+4).
   It protects you from poison.
 S - a +5 ring of slaying (right hand)
 T - the ring of Fahip {rCorr rC+++ Dex-4 Slay+5 Stlth-}
   (You took it off a minotaur in a labyrinth)

   [ring of resist corrosion]

   It affects your dexterity (-4).
   It affects your accuracy and damage with ranged weapons and melee attacks
   (+5).
   It renders you almost immune to cold.
   It makes you less stealthy.
 U - an uncursed ring of stealth
 Y - an uncursed amulet of regeneration
Wands
 h - a wand of slowing (17/48)
 q - a wand of paralysis (14/24)
 t - a wand of lightning (7/15)
 u - a wand of iceblast (15/15)
 y - a wand of flame (5/48)
 A - a wand of enslavement (8/24)
 B - a wand of disintegration (13/24)
 C - a wand of acid (10/15)
 E - a wand of confusion (22/48)
 R - a wand of hasting (6/9)
Scrolls
 e - 3 scrolls of magic mapping
 f - 11 scrolls of teleportation
 p - 3 scrolls of fear
 D - 3 scrolls of blinking
 W - 2 scrolls of fog
Potions
 g - 2 potions of flight
 l - 2 potions of might
 V - 3 potions of curing
 Z - 2 potions of heal wounds
Miscellaneous
 k - a disc of storms
 G - a box of beasts {used: 2}
Comestibles
 x - a chunk of flesh
 F - 3 slices of pizza


   Skills:
 * Level 13.4(13.2) Fighting
 * Level 15.0(14.8) Short Blades
 - Level 0.7(0.5) Armour
 * Level 19.7(19.5) Dodging
 - Level 7.4(7.2) Stealth
 - Level 2.0(1.8) Unarmed Combat
 - Level 2.0(1.8) Spellcasting
 - Level 2.4(2.2) Charms
 * Level 11.9(11.7) Evocations


You had 12 spell levels left.
You knew the following spells:

 Your Spells              Type           Power        Failure   Level  Hunger
a - Infusion              Chrm           #...         17%         1    ##.....
b - Shroud of Golubria    Chrm/Tloc      #.........   34%         2    ###....
c - Corpse Rot            Necr           N/A          69%         2    ###....
d - Passwall              Trmt/Erth      #.........   69%         2    ###....


Dungeon Overview and Level Annotations

Branches:
Dungeon (15/15) Temple (1/1) D:5 Lair (0/8) D:11 Orc (2/2) D:12 Elf (1/3) Orc:2 Vaults (0/5) D:12 D:13 Depths (0/5) D:15

Altars:
Ashenzari
Cheibriados
Dithmenos
Elyvilon
Fedhas
Gozag
Kikubaaqudgha
Makhleb
Nemelex Xobeh
Okawaru
Pakellas
Qazlal
Ru
Sif Muna
Trog
Vehumet
Xom
Yredelemnul
Zin
The Shining One
Beogh

Shops:
D:5 ?   D:11 (   D:13 [   D:14 **   Orc:1 ?   Orc:2 %%:[

Portals:
Pandemonium: Orc:2

Annotations:
D:3 1 exclusion
D:5 1 exclusion
D:6 1 exclusion
D:8 2 exclusions
D:10 Josephine
D:13 Donald, Norris
D:14 Roxanne


Innate Abilities, Weirdness & Mutations

You are small and have problems with some larger weapons.
You are carnivorous and can eat meat at any time.
You are agile. (Dex +2)
You tend to lose your temper in combat.
You are dopey. (Int -2)
You are resistant to hostile enchantments.


Message History

Zapping:
q - a wand of paralysis (14/24)
Press: ? - help, Shift-Dir - straight line, f - deep elf archer, p - deep elf mage
Aim: a deep elf archer, wielding a longbow and wearing a leather armour (repelling missiles, chance to defeat MR: 19%)
Okay, then.
Unknown command.
Wield which item (- for none, * to show all)? (? for menu, Esc to quit)
You feel less protected.
c - a +5 blowgun (weapon)
Your unseen horror hits the deep elf archer!
Quiver which item? (- for none, * to show all) (? for menu, Esc to quit)
Quivering
O - 6 curare-tipped needles for blowguns.
Firing (i - inventory. (,) - cycle):
O - 6 curare-tipped needles (quivered)
Press: ? - help, Shift-Dir - straight line, f - deep elf archer, p - deep elf mage
Aim: a deep elf archer, wielding a longbow and wearing a leather armour (repelling missiles)
You shoot a curare-tipped needle.
The curare-tipped needle misses the deep elf archer.
Your unseen horror hits the deep elf archer!
The deep elf archer shoots an arrow.
The arrow hits you!!
You die...
Pakellas says: Back to the drawing board!

(## ####.# ##.....## ..##
##.##.# ####......)#
...####...#.###..........#
...')......)....e..!..H(..
...####...#.###.(x......##
..## ##.##.###.(.......#
.## #................# ##
#.##.##..........# #
#.#..##.((.......#
#.#.###((ee......#
#.....)..@........
###.#######....... ..#...e
..#.(.. ..#.. . ......e
.##.... .# . ..


You could see 2 deep elf archers, a friendly mature weirdshock beast, a friendly
deep elf mage and a friendly unseen horror (invisible).

Vanquished Creatures
  An ettin (D:15)
  3 vault guards
  A minotaur (Lab)
  A rakshasa (D:15)
  2 tengu warriors (D:14)
  6 orc high priests (Orc:2)
  A deep troll shaman (D:15)
  2 dancing weapons
  Sonja (D:14)
  4 skeletal warriors (D:15)
  A deep elf knight (Elf:1)
  2 gelid demonspawn (Orc:2)
  An infernal demonspawn (Orc:2)
  A fire crab (shapeshifter) (D:15)
  A flayed ghost (D:15)
  6 unseen horrors
  5 hill giants
  A deep elf archer (Elf:1)
  5 orc knights (Orc:2)
  A torturous demonspawn (Orc:2)
  A necromancer (D:15)
  2 phantasmal warriors (D:15)
  2 griffons (D:15)
  2 manticores
  9 deep elf magi
  7 orc sorcerers
  6 ugly things
  A moth of wrath (shapeshifter) (D:15)
  6 cyclopes
  A sixfirhy (Orc:2)
  2 rust devils (Orc:2)
  A yaktaur (D:15)
  3 gargoyles
  An ice devil (Orc:2)
  2 kobold demonologists (D:14)
  A hellwing (Orc:2)
  4 tengu conjurers (D:15)
  3 trolls
  A red devil (Orc:2)
  2 two-headed ogres
  Grinder (D:4)
  A hornet zombie (D:14)
  A slime creature (D:15)
  2 centaur simulacra (D:15)
  6 shadows
  Sigmund (D:2)
  6 wraiths
  10 humans
  A water elemental (Elf:1)
  12 yaks
  2 vampires (D:14)
  6 hippogriffs
  3 hungry ghosts
  3 vampire mosquitoes
  5 wargs
  A mottled dragon (D:13)
  A soldier ant (D:13)
  Duvessa (D:4)
  2 giant eyeballs (D:15)
  A water moccasin (D:12)
  4 ice beasts
  3 black bears
  3 eyes of draining
  29 orc warriors
  6 sky beasts
  A wasp (D:15)
  3 phantoms
  2 boggarts
  2 necrophages
  18 ogres
  5 centaurs
  4 crocodiles
  5 big kobolds
  19 giant frogs
  A wyvern zombie (D:15)
  An earth elemental (Elf:1)
  A gnoll sergeant (D:12)
  Dowan (D:4)
  3 scorpions
  8 electric eels (D:10)
  12 crimson imps
  A giant frog zombie (D:6)
  2 quasits
  6 centaur zombies
  7 hounds
  2 jellies
  7 centaur skeletons
  3 gnoll shamans
  26 orc priests
  5 giant frog skeletons
  5 iguanas
  Ijyb (D:2)
  Natasha (thrice) (D:3)
  27 orc wizards
  12 worker ants
  A killer bee zombie (D:8)
  7 sheep
  3 hound skeletons
  A mummy (D:9)
  A worker ant zombie (D:9)
  21 gnolls
  A howler monkey zombie (D:7)
  A howler monkey skeleton (D:5)
  18 adders
  2 river rats (Sewer)
  3 shadow imps
  3 oozes (Sewer)
  An adder zombie (D:9)
  5 worms
  3 dart slugs
  4 giant geckos
  79 orcs
  4 bats
  2 bat zombies (D:9)
  4 giant cockroaches
  5 goblins
  4 hobgoblins
  11 jackals
  32 kobolds
  5 ball pythons
  8 giant newts
  A jackal skeleton (D:4)
  13 rats
  3 rat zombies (D:9)
  A plant (D:11)
654 creatures vanquished.

Vanquished Creatures (collateral kills)
  A storm dragon (D:15)
  A frost giant (D:15)
  A yaktaur captain (D:15)
  A vault guard (D:15)
  A great orb of eyes (D:14)
  A centaur warrior (D:14)
  A tengu warrior (D:15)
  2 skeletal warriors (D:15)
  A hill giant (D:15)
  2 orc sorcerers (D:12)
  A griffon (D:15)
  3 deep elf magi (D:15)
  An ugly thing (D:15)
  A cyclops (D:15)
  2 guardian serpents (D:15)
  A centaur skeleton (D:15)
  2 gargoyles (D:15)
  A yaktaur (D:15)
  A red devil (Orc:2)
  2 humans
  A wyvern (D:15)
  4 orc warriors
  A centaur (D:15)
  2 sheep (D:15)
  8 orcs
43 creatures vanquished.

Vanquished Creatures (others)
  A centaur warrior (D:15)
  A jumping spider (shapeshifter) (D:15)
  An ogre (D:13)
  2 centaurs (D:15)
  5 plants (D:10)
10 creatures vanquished.

Grand Total: 707 creatures vanquished

Notes
Turn   | Place    | Note
--------------------------------------------------------------
     0 | D:1      | CALLOUS the Kobold Skald began the quest for the Orb.
     0 | D:1      | Reached XP level 1. HP: 12/12 MP: 3/3
   257 | D:1      | Reached XP level 2. HP: 18/18 MP: 3/5
   262 | D:1      | Learned a level 2 spell: Shroud of Golubria
   554 | D:1      | Reached skill level 2 in Dodging
   646 | D:1      | Reached skill level 1 in Short Blades
  1036 | D:1      | Reached XP level 3. HP: 22/22 MP: 3/6
  1307 | D:2      | Noticed Ijyb
  1332 | D:2      | Killed Ijyb
  1332 | D:2      | Reached XP level 4. HP: 27/28 MP: 5/7
  1678 | D:2      | Found a sparkling altar of Nemelex Xobeh.
  2626 | D:2      | Noticed Sigmund
  2920 | D:3      | Noticed Natasha
  2934 | D:3      | Killed Natasha
  2934 | D:3      | Reached skill level 3 in Dodging
  2934 | D:3      | Reached XP level 5. HP: 22/33 MP: 4/8
  3107 | D:3      | Found a glowing drain.
  3113 | Sewer    | Entered a sewer
  3449 | Sewer    | Reached skill level 1 in Evocations
  3605 | Sewer    | Noticed a big kobold
  3621 | Sewer    | Killed a big kobold
  3621 | Sewer    | Reached XP level 6. HP: 39/39 MP: 6/9
  3671 | Sewer    | Reached skill level 4 in Dodging
  3671 | Sewer    | Reached skill level 1 in Stealth
  3941 | D:3      | Noticed Natasha
  4342 | D:3      | Killed Natasha
  4469 | D:3      | Noticed Natasha
  4475 | D:3      | Killed Natasha
  4475 | D:3      | Reached XP level 7. HP: 42/44 MP: 6/10
  4661 | D:3      | Found a blossoming altar of Fedhas.
  5143 | D:4      | Reached skill level 5 in Dodging
  5237 | D:4      | Noticed Duvessa
  5237 | D:4      | Noticed Dowan
  5248 | D:4      | Noticed Grinder
  5532 | D:2      | Reached skill level 5 in Fighting
  5789 | D:2      | Found an iron altar of Okawaru.
  6085 | D:5      | Entered Level 5 of the Dungeon
  6207 | D:5      | Found a staircase to the Ecumenical Temple.
  6969 | D:5      | Reached skill level 6 in Dodging
  6969 | D:5      | Reached XP level 8. HP: 50/50 MP: 7/11
  7520 | D:6      | Noticed a yak
  7522 | D:6      | Noticed a yak
  8285 | D:5      | Reached skill level 7 in Dodging
  8400 | D:5      | Reached skill level 5 in Short Blades
  8568 | D:5      | Gained mutation: You regenerate slowly when monsters are visible. [mutagenic meat]
  8569 | D:5      | Lost mutation: You regenerate slowly when monsters are visible. [potion of cure mutation]
  8570 | D:5      | Gained mutation: You are dopey. (Int -2) [mutagenic meat]
  8571 | D:5      | Gained mutation: You are agile. (Dex +2) [mutagenic meat]
  8626 | D:5      | Found Guhaipt's Magic Scroll Boutique.
  8655 | D:5      | Bought a scroll of identify for 22 gold pieces
  8655 | D:5      | Bought a scroll of fear for 38 gold pieces
  8655 | D:5      | Bought a scroll of blinking for 82 gold pieces
  8964 | D:5      | Reached XP level 9. HP: 54/55 MP: 5/12
  9186 | Temple   | Entered the Ecumenical Temple
  9205 | Temple   | Became a worshipper of Ru the Awakened
  9495 | D:5      | Reached skill level 8 in Dodging
  9923 | D:6      | Reached skill level 9 in Dodging
 10596 | D:6      | Reached skill level 5 in Evocations
 11149 | D:7      | Gained mutation: You tend to lose your temper in combat. [mutagenic meat]
 11150 | D:7      | Gained mutation: You are frail (-10% HP). [mutagenic meat]
 11151 | D:7      | Lost mutation: You are frail (-10% HP). [mutagenic meat]
 11152 | D:7      | Gained mutation: You are resistant to hostile enchantments. [mutagenic meat]
 11456 | D:7      | Reached skill level 10 in Dodging
 11456 | D:7      | Reached XP level 10. HP: 61/61 MP: 12/14
 11637 | D:7      | Found a white marble altar of Elyvilon.
 12779 | D:8      | Found a glowing silver altar of Zin.
 12795 | D:8      | Learned a level 2 spell: Corpse Rot
 13556 | D:9      | Got an iridescent trident
 13557 | D:9      | Identified the +5 trident "Kuyrav" {elec, SInv} (You found it on level 9 of the Dungeon)
 13709 | D:5      | Bought a scroll of brand weapon for 220 gold pieces
 13949 | D:9      | Found an oddly glowing altar of Pakellas.
 13984 | D:9      | Fell from the grace of Ru
 13984 | D:9      | Became a worshipper of Pakellas the Inventive
 14092 | D:9      | Found a snail-covered altar of Cheibriados.
 14519 | D:9      | Found an ancient bone altar of Kikubaaqudgha.
 14891 | D:9      | Reached * piety under Pakellas
 14891 | D:9      | Received a gift from Pakellas
 14905 | D:9      | Learned a level 2 spell: Passwall
 15264 | D:10     | Entered Level 10 of the Dungeon
 15264 | D:10     | Noticed a gargoyle
 15538 | D:7      | Reached skill level 11 in Dodging
 16023 | D:9      | Reached skill level 5 in Stealth
 16249 | D:10     | Reached XP level 11. HP: 68/68 MP: 7/15
 16525 | D:10     | Reached skill level 12 in Dodging
 16553 | D:10     | Noticed a hill giant
 16745 | D:11     | Found a labyrinth entrance.
 16751 | D:11     | Noticed a hill giant
 16785 | D:11     | Killed a hill giant
 16811 | Lab      | Entered a labyrinth
 17674 | Lab      | Noticed a minotaur
 17702 | Lab      | Killed a minotaur
 17708 | Lab      | Got a warped amber ring
 17713 | Lab      | Identified the ring of Fahip {rCorr rC+++ Dex-4 Slay+5 Stlth-} (You took it off a minotaur in a labyrinth)
 17724 | Lab      | Got a pair of dazzling boots
 17858 | D:11     | Identified the +0 pair of boots of the Dungeon {rC- Int+3 SInv} (You found it in a labyrinth)
 17928 | D:11     | Noticed a hill giant
 17980 | D:11     | Killed a hill giant
 18006 | D:11     | Found Heyfiul's Weapon Emporium.
 18028 | D:11     | Found a staircase to the Lair.
 18048 | D:11     | Noticed a green ugly thing
 18056 | D:11     | Killed a green ugly thing
 18242 | D:11     | Reached ** piety under Pakellas
 18242 | D:11     | Received a gift from Pakellas
 18428 | D:11     | Reached skill level 13 in Dodging
 18488 | D:11     | Noticed an unseen horror
 18496 | D:11     | Killed an unseen horror
 18531 | D:11     | Reached skill level 10 in Short Blades
 18708 | D:11     | Noticed a cyclops
 18740 | D:11     | Killed a cyclops
 18867 | D:11     | Noticed a hill giant
 18974 | D:11     | Killed a hill giant
 19295 | D:12     | Noticed a manticore
 19309 | D:12     | Killed a manticore
 19487 | D:12     | Reached XP level 12. HP: 50/76 MP: 10/17
 20213 | D:12     | Found a staircase to the Orcish Mines.
 20342 | D:12     | Reached *** piety under Pakellas
 20342 | D:12     | Received a gift from Pakellas
 20556 | D:11     | Reached skill level 14 in Dodging
 20561 | D:11     | Noticed an unseen horror
 20565 | D:11     | Killed an unseen horror
 21489 | D:12     | Reached skill level 10 in Fighting
 21968 | D:12     | Reached **** piety under Pakellas
 21968 | D:12     | Received a gift from Pakellas
 22859 | D:13     | Found a gate to the Vaults.
 22859 | D:13     | Noticed Norris
 22859 | D:13     | Noticed Donald
 23293 | D:2      | Killed Sigmund
 23672 | D:4      | Killed Grinder
 24155 | D:4      | Killed Duvessa
 24158 | D:4      | Killed Dowan
 24606 | D:10     | Reached skill level 15 in Dodging
 24715 | D:10     | Noticed Josephine
 24857 | D:13     | Reached XP level 13. HP: 74/83 MP: 10/19
 25136 | D:13     | Found Jiskugoh's Armour Shoppe.
 25464 | D:13     | Reached ***** piety under Pakellas
 25464 | D:13     | Received a gift from Pakellas
 25480 | D:13     | Identified a +8 rod of shadows (12/12) (Pakellas gifted it to you on level 13 of the Dungeon)
 25869 | D:14     | Noticed Roxanne
 26008 | D:14     | Noticed a centaur warrior
 26024 | D:14     | Killed a centaur warrior
 26256 | D:14     | Found Sijaow's Assorted Antiques.
 26262 | D:14     | Bought a silvery potion for 23 gold pieces
 26308 | D:14     | Found Gozag's Platinum Reserve.
 26308 | D:14     | Found an opulent altar of Gozag.
 26326 | D:14     | Reached skill level 16 in Dodging
 26510 | D:14     | Noticed a great orb of eyes
 26518 | D:14     | Killed a great orb of eyes
 27443 | D:14     | Noticed Sonja
 27446 | D:14     | Killed Sonja
 27788 | D:15     | Entered Level 15 of the Dungeon
 27927 | D:15     | Noticed a vault guard
 27976 | D:14     | Killed a vault guard
 28136 | D:15     | Noticed a frost giant
 28233 | D:15     | Killed a frost giant
 28282 | D:15     | Reached XP level 14. HP: 91/91 MP: 13/21
 28365 | D:15     | Reached skill level 17 in Dodging
 29039 | D:15     | Reached skill level 10 in Evocations
 29359 | D:15     | Reached ****** piety under Pakellas
 29548 | D:15     | Got a smoking lead ring
 29549 | D:15     | Identified the ring "Ciriynil" {rElec rF+ rC+} (You found it on level 15 of the Dungeon)
 29670 | D:15     | Found an oddly glowing altar of Pakellas.
 30123 | D:15     | Reached skill level 18 in Dodging
 30313 | D:15     | Found a staircase to the Depths.
 30324 | D:15     | Got a glittering glass ring
 30325 | D:15     | Identified the ring of Foquprokk {rElec Str+5 Int+3 Slay-5} (You found it on level 15 of the Dungeon)
 30575 | D:15     | Found a white marble altar of Elyvilon.
 30686 | D:15     | Noticed a storm dragon
 30697 | D:15     | Killed a storm dragon
 30863 | D:15     | Found a sparkling altar of Nemelex Xobeh.
 31056 | D:15     | Reached XP level 15. HP: 97/97 MP: 10/23
 32426 | D:15     | Got a sparkling iron ring
 33719 | D:11     | Identified the ring "Jirchoij" {rPois Str+4} (You found it on level 15 of the Dungeon)
 34128 | Orc:1    | Entered Level 1 of the Orcish Mines
 34681 | Orc:1    | Found Deklas's Magic Scroll Shop.
 34711 | Orc:1    | Bought a scroll of magic mapping for 49 gold pieces
 35439 | Orc:2    | Entered Level 2 of the Orcish Mines
 36003 | Orc:2    | Found Gykkoove's Food Shoppe.
 36212 | Orc:2    | Found Vauvagish's Food Emporium.
 36700 | Orc:2    | Reached skill level 19 in Dodging
 37862 | Orc:2    | Found Sast's Antique Armour Shop.
 37862 | Orc:2    | Found a one-way gate leading to the halls of Pandemonium.
 37862 | Orc:2    | Found Melocoet's Book Boutique.
 38385 | Orc:2    | Found a roughly hewn altar of Beogh.
 38470 | Orc:2    | Found a staircase to the Elven Halls.
 39476 | Orc:1    | Bought a scroll of acquirement for 728 gold pieces
 39779 | Elf:1    | Entered Level 1 of the Elven Halls
 40212 | Elf:1    | Reached XP level 16. HP: 104/104 MP: 24/24
 40253 | Elf:1    | Reached skill level 15 in Short Blades
 40681 | Elf:1    | Shot with an arrow by a deep elf archer

Skill      XL: |  1  2  3  4  5  6  7  8  9 10 11 12 13 14 15 16 |
---------------+-------------------------------------------------+-----
Dodging        | 2 3 4 6 7 10 11 13 15 16 18 19 | 19.7
Short Blades   | 1 2 3 4 5 7 8 10 11 12 13 14 15 | 15.0
Fighting       | 3 4 5 6 8 9 10 11 12 13 | 13.4
Evocations     | 1 2 3 4 5 6 7 8 9 11 | 11.9
Stealth        | 1 2 3 5 6 7 |  7.4
Armour         | |  0.7
Unarmed Combat | |  2.0
Spellcasting   | |  2.0
Charms         | |  2.4

Action                   |  1- 3 |  4- 6 |  7- 9 | 10-12 | 13-15 | 16-18 || total
-------------------------+-------+-------+-------+-------+-------+-------++-------
Melee: Whip              |    41 |   104 |   125 |    19 |       |       ||   289
       Unarmed           |     5 |     1 |       |       |       |       ||     6
       Punch             |     1 |     2 |     2 |     6 |     9 |     1 ||    21
       Short sword       |       |     1 |   137 |   180 |   448 |    15 ||   781
       Dagger            |       |       |   154 |   735 |   471 |     5 ||  1365
       Trident           |       |       |       |   146 |   232 |    21 ||   399
       Flail             |       |       |       |       |     1 |       ||     1
 Fire: Shortbow          |       |       |    16 |   158 |       |       ||   174
       Hunting sling     |       |       |       |   112 |   429 |    29 ||   570
       Blowgun           |       |       |       |     9 |    33 |     1 ||    43
Throw: Stone             |    58 |   138 |   196 |    60 |    49 |       ||   501
       Tomahawk          |       |       |       |    17 |     5 |       ||    22
 Cast: Infusion          |    20 |    37 |    92 |    23 |       |       ||   172
       Shroud of Golubri |     1 |     3 |    13 |     3 |       |       ||    20
       Corpse Rot        |       |       |       |     2 |       |       ||     2
Invok: Quick Charge      |       |       |       |     7 |     4 |       ||    11
       Device Surge      |       |       |       |       |     3 |     1 ||     4
 Abil: Evoke Berserk Rag |       |       |       |     1 |       |       ||     1
Evoke: Wand              |       |       |       |    24 |    21 |     2 ||    47
       Rod               |       |       |       |       |    42 |     4 ||    46
       Box of beasts     |       |       |       |       |     1 |     1 ||     2
  Use: Potion            |     1 |     5 |     4 |       |       |       ||    10
       Scroll            |       |     6 |       |     3 |     4 |       ||    13
 Stab: Sleeping          |       |     1 |     4 |     5 |     5 |       ||    15
       Distracted        |       |       |     1 |     1 |     5 |       ||     7
       Confused          |       |       |       |     1 |       |       ||     1
       Paralysed         |       |       |       |     1 |       |       ||     1
  Eat: Chunk             |    10 |     7 |    40 |    55 |    70 |     2 ||   184
Armor: Leather armour    |     7 |    15 |    64 |    58 |       |       ||   144
       Troll hide        |       |       |       |    26 |    45 |       ||    71
       Robe              |       |       |       |       |    29 |     8 ||    37
Dodge: Dodged            |    35 |    65 |   256 |   728 |   985 |   102 ||  2171
